 Dungeon Crawl Stone Soup version 0.26.1-11-gd32895ea62 (webtiles) character file.

Game seed: 17186484913220076924

725 tizbic2 the Covered (level 7, -1/63 HPs)
             Began as a Naga Fighter on June 27, 2021.
             Was an Initiate of Ashenzari.
             Slain by an ogre
             ... wielding a +0 giant club
              (16 damage)
             ... on level 5 of the Dungeon.
             The game lasted 00:23:17 (3392 turns).

tizbic2 the Covered (Naga Fighter)                  Turns: 3392, Time: 00:23:18

Health: -1/63      AC: 13    Str: 19      XL:     7   Next: 72%
Magic:  7/7        EV:  4    Int:  6 (8)  God:    Ashenzari [......]
Gold:   114        SH:  9    Dex: 12      Spells: 6/6 levels left

rFire    . . .     SeeInvis +   r - +4 trident (vamp) (curse)
rCold    . . .     Faith    .   c - +0 kite shield
rNeg     . . .     Spirit   .   b - +0 scale mail
rPois    +         Reflect  .   (helmet restricted)
rElec    .         Harm     .   (no cloak)
rCorr    .         Rampage  .   n - +0 pair of gloves
Will     .....                  p - +1 barding
Stlth    ..........             (no amulet)
HPRegen  0.60/turn              j - ring of see invisible
MPRegen  0.10/turn              (no ring)

@: very slow
A: large, antennae 1, see invisible, deformed body, poison resistance,
regeneration 1, slowness 2, spit poison 1, MP-powered wands, AC +2
a: Spit Poison, Renounce Religion, Curse Item


You were on level 5 of the Dungeon.
You worshipped Ashenzari.
Ashenzari was noncommittal.
You visited 1 branch of the dungeon, and saw 5 of its levels.

You collected 264 gold pieces.
You spent 150 gold pieces at shops.

Inventory:

Hand Weapons
 a - a +0 trident
 e - a -1 mace
 r - a cursed +4 vampiric trident (weapon)
Missiles
 m - 15 poisoned darts
 q - 144 arrows
Armour
 b - a +0 scale mail (worn)
 c - a +0 kite shield (worn)
 n - a +0 pair of gloves (worn)
 p - a +1 barding (worn)
Jewellery
 j - a ring of see invisible (left hand)
Scrolls
 f - 5 scrolls of identify
 i - a scroll of blinking
 k - 2 scrolls of teleportation
Potions
 d - 2 potions of might
 g - a potion of berserk rage
 l - a potion of haste


   Skills:
 + Level 3.7 Fighting
 + Level 0.7 Maces & Flails
 + Level 4.3 Polearms
 * Level 4.8 Armour
 + Level 1.4 Dodging
 * Level 4.0 Shields


You had 6 spell levels left.
You didn't know any spells.
Your spell library was empty.

Dungeon Overview and Level Annotations

Branches:
Dungeon (5/15)
 Temple: D:4-7

Altars:
Ashenzari
Elyvilon
Ru
Sif Muna
Uskayaw
Vehumet
Zin

Shops:
D:4 ?

Annotations:
D:4 1 runed translucent door
D:5 1 transporter


Innate Abilities, Weirdness & Mutations

You cannot wear boots.
Your serpentine skin is tough. (AC +2)
You have supernaturally acute eyesight. (SInv)
Armour fits poorly on your strangely shaped body.
Your system is resistant to poisons. (rPois)
You cover ground very slowly.
You can spit poison.
You have a pair of small antennae on your head.
Your natural rate of healing is unusually fast.
You expend magic power (3 MP) to strengthen your wands.


Message History

Abil: Spit Poison
Press: ? - help, Q - select action, (/) - cycle Shift-Dir - straight line, f - ogre
Aim: an ogre, wielding a +0 giant club (moderately wounded)
The splash of poison hits the jackal!
The jackal is poisoned.
You kill the jackal!
You block the ogre's attack.
You hit the ogre.
You feel better.
The ogre is heavily wounded.
You have got your breath back.
The ogre hits you with a +0 giant club!!
* * * LOW HITPOINT WARNING * * *
You block the ogre's attack.
The centaur wields a +0 shortbow.
The centaur shoots an arrow.
You block the arrow.
The centaur shoots an arrow.
The arrow hits you.
* * * LOW HITPOINT WARNING * * *
You see here 2 arrows.
You puncture the ogre!
The ogre is almost dead.
The ogre hits you with a +0 giant club!
You die...

#.......<.......
#...........#.#
#.....>.......#
#.............# .
#.............# ...
#.....#.......## #.$..
############...#######......
#..#.#...†?...[...
#..._@Oc###.......
#..#.#.......#..>.
##.....(.#.####....
#................. .
#....####.....#.... .§....#
##........# .....#
#.........# .####
#....=....# #.........#


You could see an ogre and a centaur.

Vanquished Creatures
  Grinder (D:5)
  2 sky beasts
  A phantom (D:4)
  A scorpion (D:4)
  A hound (D:4)
  2 worker ants (D:4)
  A hound skeleton (D:5)
  A howler monkey skeleton (D:4)
  3 adders
  3 oozes
  3 worms
  A dart slug (D:4)
  3 leopard geckos
  8 orcs
  5 bats
  A giant cockroach (D:2)
  7 goblins
  6 hobgoblins
  6 jackals
  A quokka (D:5)
  A ball python (D:5)
  3 kobolds
  4 rats
65 creatures vanquished.

Vanquished Creatures (others)
  11 plants (D:5)
11 creatures vanquished.

Grand Total: 76 creatures vanquished

Notes
Turn   | Place    | Note
-------+----------+-------------------------------------------
     0 | D:1      | tizbic2 the Naga Fighter began the quest for the Orb.
     0 | D:1      | Reached XP level 1. HP: 21/21 MP: 1/1
   248 | D:1      | Reached XP level 2. HP: 28/28 MP: 2/2
   576 | D:2      | Found a radiant altar of Vehumet.
   616 | D:2      | Found a white marble altar of Elyvilon.
   633 | D:2      | Found a shimmering blue altar of Sif Muna.
   697 | D:2      | Reached XP level 3. HP: 30/34 MP: 3/3
  1206 | D:3      | Found a hide-covered altar of Uskayaw.
  1267 | D:3      | Found a sacrificial altar of Ru.
  1328 | D:3      | Reached XP level 4. HP: 42/42 MP: 4/4
  1540 | D:2      | Became a worshipper of Elyvilon the Healer
  1993 | D:4      | Found Sibecul's Magic Scroll Shoppe.
  1997 | D:4      | Bought a scroll of enchant weapon for 75 gold pieces
  1997 | D:4      | Bought a scroll of enchant weapon for 75 gold pieces
  2024 | D:4      | Found a runed translucent door.
  2024 | D:4      | Found a glowing silver altar of Zin.
  2024 | D:4      | Noticed an angel
  2039 | D:4      | Was placed under penance by Elyvilon
  2123 | D:4      | Was forgiven by Elyvilon
  2275 | D:4      | Was placed under penance by Elyvilon
  2463 | D:4      | Noticed a phantom
  2483 | D:4      | Killed a phantom
  2484 | D:4      | Reached skill level 1 in Dodging
  2484 | D:4      | Reached XP level 5. HP: 27/49 MP: 5/5
  2537 | D:4      | Noticed Grinder
  2541 | D:4      | Fell from the grace of Elyvilon
  2552 | D:4      | Gained mutation: You expend magic power (3 MP) to
                  | strengthen your wands. [potion of mutation]
  2552 | D:4      | Gained mutation: Your natural rate of healing is unusually
                  | fast. [potion of mutation]
  2552 | D:4      | Gained mutation: You have a pair of small antennae on your
                  | head. [potion of mutation]
  2559 | D:5      | Entered Level 5 of the Dungeon
  2561 | D:5      | Killed Grinder
  2562 | D:5      | Reached XP level 6. HP: 20/56 MP: 6/6
  2942 | D:4      | Reached XP level 7. HP: 62/62 MP: 7/7
  3172 | D:5      | Found a hide-covered altar of Uskayaw.
  3197 | D:5      | Found a transporter.
  3321 | D:5      | Found a broken altar of Ashenzari.
  3339 | D:5      | Became a worshipper of Ashenzari the Shackled
  3392 | D:5      | Slain by an ogre

Illustrated notes

Levels and vault maps discovered:
D:1:      dpeg_arrival_rooms_c, layout_basic, serial_co_window_serial,
          co_window_corner_a, co_window_paths_b, co_window_corner_a,
          co_window_corner_a, co_window_paths_a, co_window_of_opportunity_b,
          co_window_corner_cb, co_window_of_opportunity_b, co_window_4corner_b,
          glass_columns_c
D:2:      layout_rooms, nicolae_overflow_hidden_temple, vehumet_crystals,
          led_sif_pool
D:3:      layout_basic, nicolae_ru_sacrificial_ziggurat,
          eat_drink_and_be_merry_uskayaw, serial_bayou_ford_a,
          minmay_quadrilaterals
D:4:      layout_basic, serial_shops, shop, lemuel_angel_altar, uniq_grinder
D:5:      gammafunk_cloud_chamber, layout_rooms, ashenzari_altar_1,
          nzn_hepliaklqana_mist_gate, serial_bayou, serial_bayou_crossing,
          serial_bayou_pond_a, serial_bayou_lagoon_b, serial_bayou_pond_e,
          basic_altar

Skill      XL: |  1  2  3  4  5  6  7 |
---------------+----------------------+-----
Armour         | 3 4 |  4.8
Shields        | 3 4 |  4.0
Dodging        | 1 |  1.4
Polearms       | 3 4 |  4.3
Fighting       | |  3.7
Maces & Flails | |  0.7

Action                   |  1- 3 |  4- 6 |  7- 9 || total
-------------------------+-------+-------+-------++-------
Melee: Mace              |    60 |       |       ||    60
       Trident           |    21 |    88 |    56 ||   165
Invok: Curse Item        |       |       |     1 ||     1
 Abil: Spit Poison       |    27 |    17 |     9 ||    53
  Use: Scroll            |     4 |     5 |       ||     9
       Potion            |       |     7 |       ||     7
Armor: Scale mail        |    54 |    38 |    34 ||   126
Dodge: Dodged            |    22 |    21 |     9 ||    52
Block: Kite shield       |    50 |    56 |    26 ||   132
